 Dungeon Crawl Stone Soup version 0.28.0 (webtiles) character file.

Game seed: 4016311466455708572

4872 Selrock the Grappler (level 10, 0/102 HPs)
             Began as a Troll Monk on Feb 11, 2022.
             Was a High Priest of Jiyva.
             Slain by an orc warrior (11 damage)
             ... in a bailey.
             The game lasted 00:23:01 (5554 turns).

Selrock the Grappler (Troll Monk)                   Turns: 5554, Time: 00:23:02

Health: 0/102      AC:  4    Str: 25    XL:     10   Next: 26%
Magic:  9/9        EV: 12    Int:  4    God:    Jiyva [*****.]
Gold:   356        SH:  0    Dex: 12    Spells: 9/9 levels left

rFire   + . .      SeeInvis .     - Unarmed
rCold   + . .      Faith    .   (no shield)
rNeg    + + +      Spirit   .   B - +0 robe of Bitterness {*Slow rC+ rN+++ Int-2}
rPois   .          Reflect  .   (helmet restricted)
rElec   +          Harm     .   f - +0 cloak
rCorr   +          Rampage  .   (gloves unavailable)
Will    .....                   (boots unavailable)
Stlth   ++........              (no amulet)
HPRegen 2.51/turn               y - ring of fire
MPRegen 0.56/turn               (no ring)

@: about to teleport
A: large, unfitting armour, claws 3, regeneration 1, shaggy fur 1, tough skin 1,
cold resistance 1, electricity resistance, eyeballs 1, pseudopods 3, tendrils,
noise suppression
a: Renounce Religion, Oozemancy, Slimify


You were in a bailey.
You worshipped Jiyva.
Jiyva was extremely pleased with you.
You visited 1 branch of the dungeon, and saw 9 of its levels.
You also visited: Bailey.

You collected 356 gold pieces.

Inventory:

Hand Weapons
 s - a +0 giant club
 t - a +3 dire flail
 A - a +2 vorpal flail
Missiles
 n - 13 poisoned darts (quivered)
 q - 6 javelins
Armour
 a - a +0 robe
 f - a +0 cloak (worn)
 r - +0 steam dragon scales
 x - a +0 pair of gloves
 B - the +0 robe of Bitterness (worn) {*Slow rC+ rN+++ Int-2}
   (You found it on level 8 of the Dungeon)

   Int:       It affects your intelligence (-2).
   rC:        It protects you from cold.
   rN:        It renders you almost immune to negative energy.
   *Slow:     It may slow you when you take damage.
Jewellery
 d - a ring of flight
 m - a ring of positive energy
 y - a ring of fire (left claw)
Wands
 c - a wand of iceblast (9)
 j - a wand of flame (9)
Scrolls
 b - a scroll of silence
 i - 3 scrolls of enchant armour
 k - a scroll of teleportation
 l - 2 scrolls of amnesia
 o - a scroll of immolation
 v - a scroll of blinking {unknown}
 w - 2 scrolls of vulnerability {unknown}
Potions
 e - 2 potions of brilliance
 g - a potion of heal wounds
 h - a potion of flight
 p - a potion of curing
 u - 2 potions of haste {unknown}
 z - a potion of resistance {unknown}


   Skills:
 + Level 7.3 Fighting
 + Level 4.5 Maces & Flails
 + Level 7.3 Dodging
 - Level 1.0 Stealth
 + Level 8.8 Unarmed Combat


You had 9 spell levels left.
You didn't know any spells.
Your spell library was empty.

Dungeon Overview and Level Annotations

Branches:
Dungeon (9/15)             Temple (0/1) D:6          Bailey (1/1)
   Lair: D:8-11         Orc: D:9-12

Altars:
Cheibriados
Dithmenos
Hepliaklqana
Kikubaaqudgha
Nemelex Xobeh
Ru
Sif Muna
Uskayaw
Wu Jian
Jiyva

Shops:
D:3 [   D:6 [


Innate Abilities, Weirdness & Mutations

You are too large for most types of armour.
You have claws for hands.
Your natural rate of healing is unusually fast.
You are covered in fur. (AC +1)
You have tough skin. (AC +1)
Your flesh is cold resistant. (rC+)
You are resistant to electric shocks. (rElec)
Your body has grown eyes which may confuse attackers. (Acc +3)
Armour fits poorly on your massive pseudopods.
You are covered in slimy tendrils that may disarm your opponents.
You passively dampen the noise of your surroundings.


Message History

Your tendrils lash around the goblin's +0 hand axe and pull it to the ground!
You mangle the goblin!!
You kill the goblin!
The wight hits you from afar with a +5 spear!
The wight hits you with a +5 spear. The wight barely misses you.
The wight hits you from afar with a +1 spear!
The wight closely misses you.
Items here: ))) ††.
Things that are here:
a +4 mace; a +0 robe You claw the wight!
You bludgeon the wight.
You destroy the wight!
The wight hits you from afar with a +5 spear.
The wight misses you.
The wight hits you from afar with a +1 spear!
Items here: )))) [ ††.
You mangle the wight!!
You destroy the wight!
You hear a distant slurping noise.
The wight hits you with a +1 spear!
Things that are here:
a +5 spear; a +0 robe You scratch the wight.
You bludgeon the wight!
The wight is almost destroyed.
The wight hits you with a +1 spear!
You hear a distant slurping noise.
You barely miss the wight. You claw the wight.
You destroy the wight!
You hear a distant slurping noise.
You hear a squelching noise.
Things that are here:
a +1 spear; a +0 robe You hear a distant slurping noise.
You hear a distant slurping noise.
You hear a squelching noise.
You hear a distant slurping noise. x2; You hear a squelching noise.
You hear a distant slurping noise.
You enter the shallow water.
Moving in this stuff is going to be slow.
There is a flagged portal here.
The world spins around you as you enter the gateway.
You enter a bailey!
Found a gate leading back out of this place.
There is an empty arch of ancient stone here.
There is a gate leading back out of this place here.
You open the gate.
There is an open gate here.
A goblin comes into view. It is wielding a +0 hand axe.
The goblin shouts!
You hear a shout!
A goblin comes into view. It is wielding a +0 hand axe.
A hobgoblin comes into view. It is wielding a +0 war axe.
An orc comes into view. It is wielding a +0 hand axe.
The orc shouts!
The goblin hits you but does no damage.
Your tendrils lash around the goblin's +0 hand axe and pull it to the ground!
You see here a +0 hand axe.
You scratch the goblin.
You kill the goblin!
The goblin closely misses you.
Your tendrils lash around the goblin's +0 hand axe and pull it to the ground!
The orc hits you with a +0 hand axe.
Things that are here:
a +0 hand axe; a +0 leather armour; a goblin corpse You scratch the orc but do no damage.
The goblin barely misses you.
The eyeballs on your body gaze at the goblin.
You claw the orc!
You kill the orc!
You mangle the hobgoblin!!
You kill the hobgoblin!
The goblin hits you but does no damage. The goblin barely misses you.
Items here: )) [[ †.
You scratch the goblin.
The goblin is moderately wounded.
The goblin misses you.
You barely miss the goblin. Your bludgeon misses the goblin.
The goblin is moderately wounded.
The goblin closely misses you.
You claw the goblin!
You kill the goblin!
You see here a +0 leather armour.
You open the door.
An orc comes into view. It is wielding a +0 hand axe.
The orc shouts!
You hear a shout!
There is an open door here.
A goblin, a gnoll and 2 orc warriors come into view.
The goblin shouts!
The orc warrior shouts!
You hear a shout!
An orc warrior comes into view. It is wielding a +0 hand axe. x2
The orc warrior hits you with a +0 hand axe.
The gnoll shouts!
The orc warrior shouts!
The orc barely misses you.
Your tendrils lash around the orc's +0 hand axe and pull it to the ground!
You see here a +0 hand axe.
You claw the orc!
You kill the orc!
You scratch the orc warrior.
The orc warrior is lightly wounded.
The orc warrior hits you with a +0 hand axe!
The goblin hits you with a +0 hand axe. The orc warrior closely misses you.
You closely miss the goblin. You bludgeon the goblin.
The goblin is heavily wounded.
The orc warrior hits you with a +0 war axe!
The goblin barely misses you. The orc warrior closely misses you.
You completely miss the goblin.
The goblin is heavily wounded.
The orc warrior hits you with a +0 war axe!
The goblin hits you but does no damage.
The orc warrior hits you with a +0 hand axe!
You claw the goblin!
You kill the goblin!
The orc warrior completely misses you.
The orc warrior hits you with a +0 hand axe!
Your tendrils lash around the orc warrior's +0 hand axe and pull it to the ground!
The gnoll hits you with a +0 hand axe!
Activating: Oozemancy (1% risk of failure)
Press: ? - help, Dir - look around, f - activate Slime begins to ooze from the nearby walls!
The walls burn the orc warrior!
The orc warrior barely misses you.
The walls burn the orc warrior!
The orc warrior hits you with a +0 war axe!
The wall burns the orc warrior!
The orc warrior hits you but does no damage.
The gnoll barely misses you.
You feel much better.
The walls burn the orc warrior!
The orc warrior hits you with a +0 hand axe!
Your tendrils lash around the orc warrior's +0 hand axe and pull it to the ground!
The walls burn the orc warrior!
The orc warrior hits you with a +0 war axe!
The wall burns the orc warrior!
The orc warrior hits you but does no damage.
The gnoll closely misses you.
You barely miss the orc warrior. Your bludgeon misses the orc warrior.
The orc warrior is moderately wounded.
The walls burn the orc warrior!
The orc warrior hits you!
* * * LOW HITPOINT WARNING * * *
The walls burn the orc warrior!
The orc warrior barely misses you.
The eyeballs on your body gaze at the orc warrior.
Your tendrils lash around the orc warrior's +0 war axe and pull it to the ground!
The wall burns the orc warrior!
The orc warrior hits you!
* * * LOW HITPOINT WARNING * * *
You feel much better. The gnoll closely misses you.
The walls burn the orc warrior!
The orc warrior hits you.
The walls burn the orc warrior!
The wall burns the orc warrior!
The orc warrior hits you!
As you read the scroll of teleportation, it crumbles to dust.
You feel strangely unstable. The gnoll hits you with a +0 hand axe.
Your tendrils lash around the gnoll's +0 hand axe and pull it to the ground!
The walls burn the orc warrior!
The orc warrior hits you!
* * * LOW HITPOINT WARNING * * *
The walls burn the orc warrior!
The wall burns the orc warrior!
You kill the orc warrior!
You feel much better. The gnoll hits you.
The walls burn the orc warrior!
You kill the orc warrior!
The walls burn the orc warrior!
The orc warrior completely misses you.
The wall burns the orc warrior!
The orc warrior hits you with a +0 hand axe!
Your tendrils lash around the orc warrior's +0 hand axe and pull it to the ground!
The gnoll hits you but does no damage.
The walls burn the orc warrior!
You kill the orc warrior!
You see here a +0 hand axe.
You barely miss the gnoll. You bludgeon the gnoll.
The gnoll is moderately wounded.
The wall burns the orc warrior!
The orc warrior hits you! The gnoll closely misses you.
Jiyva gurgles merrily.
Your surroundings suddenly seem different. 4 orcs, a gnoll, a hobgoblin and 2 goblins come into view.
Found three items.
The orc warrior shouts! x2; The gnoll shouts!
The orc shouts!
The hobgoblin shouts!
The goblin shouts!
The orc warrior hits you with a +0 broad axe!!
* * * LOW HITPOINT WARNING * * *
You are already calling forth ooze!
Okay, then.
As you read the scroll of teleportation, it crumbles to dust.
You feel strangely unstable. The goblin closely misses you.
The orc warrior hits you with a +0 broad axe!
* * * LOW HITPOINT WARNING * * *
As you open the door, it creaks loudly!
An orc warlord, 2 goblins, a hobgoblin and 2 orc warriors come into view.
The orc warlord is wielding a +1 broad axe of freezing.
The goblin shouts! x2; The hobgoblin shouts!
The orc warrior shouts!
The orc warlord shouts!
You hear a shout! x2
The goblin hits you but does no damage.
An orc comes into view. It is wielding a +0 war axe.
The gnoll hits you but does no damage.
The jelly hits something but does no damage.
The orc warrior barely misses you.
A goblin comes into view. It is wielding a +0 hand axe. x2
Okay, then.
Okay, then.
Really read the scroll of immolation?
As you read the scroll of immolation, it crumbles to dust.
The creatures around you are filled with an inner flame!
You stop calling forth ooze.
The orc warrior shouts!
The goblin shouts!
You hear a shout!
The orc shouts!
The goblin barely misses you. The gnoll hits you with a +0 hand axe!
* * * LOW HITPOINT WARNING * * *
Your tendrils lash around the gnoll's +0 hand axe and pull it to the ground!
The orc warrior hits you with a +0 broad axe!
You die...

## ###.#+ #. #
##.....### ...
### !........##
.o.. ##..
!........8# .g...
#...
.......go8#g....g
#...
....⌠o.og@'g..o..
#...
......ogg8#...go.
#... ?........8#
..... #...
!........## o...
###.. ##.....###
... ###.###
###.#+ #. #.....#
## .......
....... .......


You could see an orc warlord (inner flame), 5 orc warriors, a gnoll (inner
flame), 2 orcs, 2 hobgoblins and 6 goblins.

Vanquished Creatures
  A two-headed ogre (D:9)
  Maggie (D:6)
  A komodo dragon (D:9)
  A troll (D:9)
  Sigmund (D:5)
  A steam dragon (D:8)
  2 water moccasins
  An ice beast (D:6)
  5 orc warriors
  2 black bears
  An ogre (D:6)
  2 centaurs
  A phantom (D:6)
  A kobold brigand (D:7)
  Blork the orc (D:6)
  A bullfrog (D:8)
  2 scorpions (D:9)
  Dowan (D:5)
  A wyvern skeleton (D:5)
  6 killer bees
  15 wights
  A howler monkey (D:9)
  A bullfrog zombie (D:7)
  2 centaur zombies
  3 hounds
  3 orc priests
  Crazy Yiuf (D:5)
  Ijyb (D:5)
  4 iguanas
  5 orc wizards
  A killer bee zombie (D:7)
  2 hound skeletons
  3 howler monkey zombies
  6 adders
  A white imp (D:7)
  An ufetubus (D:5)
  An adder skeleton (D:5)
  2 worms
  3 dart slugs (D:1)
  19 orcs
  4 giant cockroaches
  15 goblins
  9 hobgoblins
  7 jackals
  3 quokkas
  9 ball pythons
  2 bats (D:1)
  4 frilled lizards
  10 kobolds
  5 rats
176 creatures vanquished.

Vanquished Creatures (others)
  An oklob plant (D:8)
  Duvessa (D:5)
  An orc warrior (D:9)
  A sky beast (D:8)
  2 ogres (D:6)
  A centaur (D:8)
  A scorpion (D:9)
  A wight (D:6)
  2 killer bees
  A centaur zombie (D:8)
  A gnoll shaman (D:8)
  An orc priest (D:8)
  25 jellies
  2 orc wizards
  A killer bee zombie (D:6)
  5 gnolls (D:8)
  An ufetubus (D:5)
  2 dart slugs
  10 orcs
  11 endoplasms
  A goblin (D:1)
  A hobgoblin (D:1)
  2 kobolds
  14 fungi
  17 plants
106 creatures vanquished.

Grand Total: 282 creatures vanquished

Notes
Turn   | Place    | Note
-------+----------+-------------------------------------------
     0 | D:1      | Selrock the Troll Monk began the quest for the Orb.
     0 | D:1      | Reached XP level 1. HP: 22/22 MP: 0/0
    50 | D:1      | Noticed a floating eye
    52 | D:1      | Found a faded altar of an unknown god.
    53 | D:1      | Noticed a floating eye
    53 | D:1      | Noticed a golden eye
    53 | D:1      | Noticed a great orb of eyes
    62 | D:1      | Prayed at the altar of an unknown god.
    62 | D:1      | Became a worshipper of Jiyva Juletuhu the Shapeless
    62 | D:1      | Reached * piety under Jiyva
    62 | D:1      | Reached ** piety under Jiyva
   119 | D:1      | Reached *** piety under Jiyva
   143 | D:1      | Reached XP level 2. HP: 29/29 MP: 1/1
   632 | D:2      | Gained mutation: Your body has grown eyes which may confuse
                  | attackers. (Acc +3) [Jiyva's grace]
   632 | D:2      | Gained mutation: Your body has grown many eyes which may
                  | confuse attackers. (Acc +5) [Jiyva's grace]
   632 | D:2      | Gained mutation: Your body is covered in eyes which may
                  | confuse attackers. (Acc +7, SInv) [Jiyva's grace]
   632 | D:2      | Gained mutation: Your flesh is cold resistant. (rC+)
                  | [Jiyva's grace]
   807 | D:2      | Reached XP level 3. HP: 33/36 MP: 2/2
   908 | D:2      | Reached **** piety under Jiyva
  1246 | D:3      | Found a hide-covered altar of Uskayaw.
  1262 | D:3      | Reached XP level 4. HP: 45/45 MP: 3/3
  1282 | D:3      | Found Xolas's Antique Armour Shop.
  1323 | D:3      | Found an ornate altar of the Wu Jian Council.
  1481 | D:3      | Reached skill level 4 in Unarmed Combat
  1633 | D:3      | Found a snail-covered altar of Cheibriados.
  1855 | D:4      | Reached XP level 5. HP: 50/53 MP: 4/4
  1888 | D:4      | Noticed an orc warrior
  1901 | D:4      | Killed an orc warrior
  1902 | D:4      | Reached XP level 6. HP: 52/62 MP: 2/5
  2331 | D:4      | Identified the +6 hunting sling of Gallantry {vorpal, rCorr
                  | Dex+10}
  2419 | D:5      | Entered Level 5 of the Dungeon
  2462 | D:5      | Reached skill level 5 in Unarmed Combat
  2492 | D:5      | Reached ***** piety under Jiyva
  2561 | D:5      | Found the +18 Lear's hauberk
  2597 | D:5      | Noticed Sigmund
  2636 | D:5      | Killed Sigmund
  2637 | D:5      | Reached XP level 7. HP: 64/71 MP: 6/6
  2682 | D:5      | Noticed Ijyb
  2689 | D:5      | Killed Ijyb
  2721 | D:5      | Noticed Dowan
  2722 | D:5      | Noticed Duvessa
  2750 | D:5      | Killed Dowan
  2753 | D:5      | Killed Duvessa
  2790 | D:5      | Lost mutation: Your body is covered in eyes which may
                  | confuse attackers. (Acc +7, SInv) [Jiyva's grace]
  2790 | D:5      | Lost mutation: Your body has grown many eyes which may
                  | confuse attackers. (Acc +5) [Jiyva's grace]
  2790 | D:5      | Gained mutation: You are resistant to electric shocks.
                  | (rElec) [Jiyva's grace]
  2790 | D:5      | Gained mutation: You passively dampen the noise of your
                  | surroundings. [Jiyva's grace]
  2790 | D:5      | Gained mutation: Your body has grown many eyes which may
                  | confuse attackers. (Acc +5) [Jiyva's grace]
  2790 | D:5      | Gained mutation: Your body is covered in eyes which may
                  | confuse attackers. (Acc +7, SInv) [Jiyva's grace]
  2872 | D:5      | Found a shimmering blue altar of Sif Muna.
  2873 | D:5      | Found a shadowy altar of Dithmenos.
  2910 | D:5      | Found a runed translucent door.
  2911 | D:5      | Noticed Crazy Yiuf
  2988 | D:5      | Killed Crazy Yiuf
  3124 | D:6      | Noticed Maggie
  3147 | D:6      | Killed Maggie
  3148 | D:6      | Reached skill level 5 in Fighting
  3148 | D:6      | Reached skill level 5 in Dodging
  3148 | D:6      | Reached skill level 6 in Unarmed Combat
  3148 | D:6      | Reached XP level 8. HP: 75/80 MP: 7/7
  3363 | D:6      | Noticed Blork the orc
  3373 | D:6      | Killed Blork the orc
  3387 | D:6      | Found Itsuado's Armour Emporium.
  3410 | D:6      | Found a staircase to the Ecumenical Temple.
  3503 | D:6      | Reached skill level 7 in Unarmed Combat
  3574 | D:6      | Reached skill level 1 in Maces & Flails
  3630 | D:6      | Found a sparkling altar of Nemelex Xobeh.
  3811 | D:6      | Reached XP level 9. HP: 89/89 MP: 8/8
  3857 | D:7      | Found a sacrificial altar of Ru.
  4158 | D:7      | Found an ancient bone altar of Kikubaaqudgha.
  4269 | D:7      | Found a hazy altar of Hepliaklqana.
  4471 | D:8      | Lost mutation: Your body is covered in eyes which may
                  | confuse attackers. (Acc +7, SInv) [Jiyva's grace]
  4471 | D:8      | Lost mutation: Your body has grown many eyes which may
                  | confuse attackers. (Acc +5) [Jiyva's grace]
  4471 | D:8      | Gained mutation: Armour fits poorly on your pseudopods.
                  | [Jiyva's grace]
  4471 | D:8      | Gained mutation: Armour fits poorly on your large
                  | pseudopods. [Jiyva's grace]
  4471 | D:8      | Gained mutation: Armour fits poorly on your massive
                  | pseudopods. [Jiyva's grace]
  4471 | D:8      | Gained mutation: You are covered in slimy tendrils that may
                  | disarm your opponents. [Jiyva's grace]
  4499 | D:8      | Killed an oklob plant
  4817 | D:8      | Identified the +0 robe of Bitterness {*Slow rC+ rN+++
                  | Int-2}
  4840 | D:8      | Reached skill level 8 in Unarmed Combat
  5050 | D:8      | Identified the +3 war axe of Hubris {vorpal, rN+ rCorr
                  | Int-4}
  5251 | D:9      | Noticed a komodo dragon
  5251 | D:9      | Noticed a two-headed ogre
  5263 | D:9      | Killed a two-headed ogre
  5266 | D:9      | Killed a komodo dragon
  5301 | D:9      | Reached XP level 10. HP: 102/102 MP: 9/9
  5451 | D:9      | Found a flagged portal.
  5506 | Bailey   | Entered a bailey
  5553 | Bailey   | Noticed an orc warlord
  5554 | Bailey   | Slain by an orc warrior

Illustrated notes

Levels and vault maps discovered:
D:1:      lightli_arrival_statuegarden, layout_loops_ring,
          hellmonk_ecumenical_altar_watching_god, minmay_misc_feat_pillars,
          minmay_cupped
D:2:      layout_basic, serial_bayou_pond_b, minmay_shallow_snake_nest
D:3:      kb_forest_paths, layout_basic, eat_drink_and_be_merry_uskayaw,
          kennysheep_slug_shrine, amcnicky_altar_gilded, serial_shops, shop
D:4:      layout_rooms
D:5:      kennysheep_six_static_rooms, layout_rooms,
          gammafunk_temple_overflow_wave, uniq_crazy_yiuf_cottage, uniq_ijyb,
          uniq_sigmund, uniq_duvessa
D:6:      layout_basic, nemelex_altar_shiori,
          minmay_temple_entry_statues_pillars, serial_shops, shop, uniq_maggie,
          uniq_blork_the_orc
D:7:      layout_cave_pools, worldfamousw_hep_ancestral_shrine,
          lemuel_coloured_pillars_altar, mainiacjoe_overflow_alcove_1,
          minmay_misc_feat_enclosed
D:8:      lemuel_slime, layout_loops_corners
D:9:      layout_irregular_city, grunt_lair_entry_orc_guard_hut,
          gammafunk_ghost_stat_death, enter_bailey_3, uniq_pikel
Bailey:   bailey_axe_minmay_hex_keep, bailey

Skill      XL: |  1  2  3  4  5  6  7  8  9 |
---------------+----------------------------+-----
Fighting       | 3 4 5 6 7 |  7.3
Dodging        | 3 4 5 6 7 |  7.3
Unarmed Combat | 4 5 6 7 8 |  8.8
Maces & Flails | 1 4 |  4.5
Stealth        | |  1.0

Action                   |  1- 3 |  4- 6 |  7- 9 | 10-12 || total
-------------------------+-------+-------+-------+-------++-------
Melee: Unarmed           |    96 |   103 |   179 |    55 ||   433
       Punch             |     5 |     4 |     9 |     2 ||    20
       Pseudopods        |       |       |     9 |     9 ||    18
Throw: Dart              |       |       |     3 |       ||     3
Invok: Oozemancy         |       |     2 |     5 |     1 ||     8
  Use: Scroll            |       |     9 |     2 |     3 ||    14
       Potion            |       |       |       |     3 ||     3
 Stab: Sleeping          |     2 |     1 |       |       ||     3
       Confused          |     3 |     1 |     8 |       ||    12
Armor: Robe              |    34 |    34 |     7 |    20 ||    95
       Steam dragon scal |       |       |    36 |       ||    36
Dodge: Dodged            |    49 |    47 |   110 |    44 ||   250
